 Dungeon Crawl Stone Soup version 0.21-a0-516-gaaff437 (webtiles) character file.

975 theanonym the Covert (level 8, -1/63 HPs)
             Began as a Gnoll Assassin on Dec 3, 2017.
             Was a Believer of Zin.
             Slain by an orc wizard
             ... wielding a +0 dagger
              (2 damage)
             ... on level 6 of the Dungeon.
             The game lasted 00:13:40 (7942 turns).

theanonym the Covert (Gnoll Assassin)               Turns: 7942, Time: 00:13:40

Health: -1/63      AC:  6    Str: 15    XL:     8   Next: 16%
Magic:  12/12      EV: 14    Int: 17    God:    Zin [**....]
Gold:   217        SH:  0    Dex: 17    Spells: 13/13 levels left

rFire    . . .     SeeInvis .   a - +2 dagger
rCold    . . .     Gourm    .   (no shield)
rNeg     . . .     Faith    .   H - +0 leather armour (curse)
rPois    ∞         Spirit   .   h - +0 helmet
rElec    .         Reflect  .   d - +0 cloak
rCorr    .         Harm     .   (no gloves)
MR       .....                  D - +0 pair of boots
Stlth    ++++......             (no amulet)
HPRegen  0.20/turn              (no ring)
MPRegen  0.13/turn              (no ring)

@: vitalised
A: distributed training, fangs 1, strong nose
a: Recite, Vitalisation, Donate Gold, Renounce Religion


Innate Abilities, Weirdness & Mutations

Your experience applies equally to all skills.
You have very sharp teeth.
Your uncanny sense of smell can sniff out nearby items.


   Skills:
 + Level 5.5 Fighting
 + Level 5.5 Short Blades
 + Level 3.0 Long Blades
 + Level 3.0 Axes
 + Level 3.0 Maces & Flails
 + Level 3.0 Polearms
 + Level 3.0 Staves
 + Level 3.0 Slings
 + Level 3.0 Bows
 + Level 3.0 Crossbows
 + Level 5.5 Throwing
 + Level 3.0 Armour
 + Level 4.0 Dodging
 + Level 8.4 Stealth
 + Level 3.0 Shields
 + Level 3.0 Unarmed Combat
 + Level 3.0 Spellcasting
 + Level 2.4 Conjurations
 + Level 2.4 Hexes
 + Level 2.4 Charms
 + Level 2.4 Summonings
 + Level 2.4 Necromancy
 + Level 2.4 Translocations
 + Level 2.4 Transmutations
 + Level 2.4 Fire Magic
 + Level 2.4 Ice Magic
 + Level 2.4 Air Magic
 + Level 2.4 Earth Magic
 + Level 2.4 Poison Magic
 + Level 3.2 Invocations
 + Level 3.0 Evocations


You had 13 spell levels left.
You didn't know any spells.

Skill      XL: |  1  2  3  4  5  6  7  8 |
---------------+-------------------------+-----
Invocations    | 1 2 3 |  3.2
Long Blades    | 1 2 3 |  3.0
Axes           | 1 2 3 |  3.0
Maces & Flails | 1 2 3 |  3.0
Polearms       | 1 2 3 |  3.0
Staves         | 1 2 3 |  3.0
Slings         | 1 2 3 |  3.0
Bows           | 1 2 3 |  3.0
Crossbows      | 1 2 3 |  3.0
Armour         | 1 2 3 |  3.0
Shields        | 1 2 3 |  3.0
Unarmed Combat | 1 2 3 |  3.0
Spellcasting   | 1 2 3 |  3.0
Conjurations   | 1 2 |  2.4
Hexes          | 1 2 |  2.4
Charms         | 1 2 |  2.4
Summonings     | 1 2 |  2.4
Necromancy     | 1 2 |  2.4
Translocations | 1 2 |  2.4
Transmutations | 1 2 |  2.4
Fire Magic     | 1 2 |  2.4
Ice Magic      | 1 2 |  2.4
Air Magic      | 1 2 |  2.4
Earth Magic    | 1 2 |  2.4
Poison Magic   | 1 2 |  2.4
Evocations     | 1 2 3 |  3.0
Dodging        | 3 4 |  4.0
Stealth        | 8 |  8.4
Fighting       | 5 |  5.5
Short Blades   | 5 |  5.5
Throwing       | 5 |  5.5

Action                   |  1- 3 |  4- 6 |  7- 9 || total
-------------------------+-------+-------+-------++-------
Melee: Dagger            |    68 |   230 |   200 ||   498
       Bite              |     4 |    31 |    28 ||    63
       Punch             |       |     1 |     6 ||     7
 Fire: Hunting sling     |     1 |    50 |    74 ||   125
Invok: Recite            |       |       |     8 ||     8
       Vitalisation      |       |       |     4 ||     4
Evoke: Wand              |       |       |     2 ||     2
  Use: Potion            |       |     1 |     4 ||     5
       Scroll            |       |       |    10 ||    10
 Stab: Sleeping          |    15 |    13 |     1 ||    29
       Distracted        |     1 |     2 |       ||     3
       Confused          |       |       |     1 ||     1
  Eat: Chunk             |       |     3 |     1 ||     4
       Bread ration      |       |     2 |       ||     2
       Meat ration       |       |       |     2 ||     2
Armor: Robe              |    13 |    11 |       ||    24
       Leather armour    |       |    50 |    33 ||    83
Dodge: Dodged            |    42 |   145 |   143 ||   330

Inventory:

Hand Weapons
 a - a +2 dagger (weapon)
 i - a +0 blowgun
 j - a +0 hunting sling
   (You found it on level 1 of the Dungeon)
 A - a +3 dagger
   (You took it off an orc wizard on level 2 of the Dungeon)
Missiles
 f - 2 curare-tipped needles
 g - 15 poisoned needles
 l - 45 arrows
 o - 94 stones (quivered)
 q - a throwing net
 y - 28 bolts
 B - 44 sling bullets
 C - 12 tomahawks
Armour
 c - a +0 robe
 d - a +0 cloak (worn)
 h - a +0 helmet (worn)
   (You found it on level 1 of the Dungeon)
 z - a +0 leather armour
   (You found it on level 1 of the Dungeon)
 D - a +0 pair of boots (worn)
   (You found it on level 4 of the Dungeon)
 H - a cursed +0 leather armour (worn)
   (You found it on level 5 of the Dungeon)
 J - a +0 cloak of magic resistance
   (You took it off Crazy Yiuf on level 5 of the Dungeon)
Wands
 v - a wand of iceblast (5)
   (You found it on level 3 of the Dungeon)
Scrolls
 b - a scroll of blinking
 k - a scroll of magic mapping {unknown}
 m - a scroll of random uselessness {unknown}
 p - 6 scrolls of remove curse
 r - a scroll of identify
 s - a scroll of fog {unknown}
 u - 5 scrolls of amnesia
 x - a scroll of enchant weapon {unknown}
 G - a scroll of teleportation {unknown}
 I - a scroll of fear {unknown}
Potions
 t - a potion of cancellation
 w - a potion of curing
 F - a potion of mutation
Comestibles
 E - 4 bread rations

Dungeon Overview and Level Annotations

Branches:
Dungeon (6/15)
 Temple: D:4-7

Altars:
Cheibriados
Elyvilon
Fedhas
Gozag
Kikubaaqudgha
Makhleb
Qazlal
Xom
Zin

Annotations:
D:5 Pikel
D:6 Eustachio


You were on level 6 of the Dungeon.
You worshipped Zin.
Zin was pleased with you.
You were not hungry.

You visited 1 branch of the dungeon, and saw 6 of its levels.

You collected 241 gold pieces.
You donated 24 gold pieces to Zin.


Message History

The orc wizard flickers and vanishes!
You hit the orc warrior but do no damage. "...to oust the fetid masses for their..."
The orc warrior is dazed by your recitation.
The orc wizard is confused by your recitation.
The orc wizard shouts!
The orc warrior hits you with a mace.
You take 4 damage, and have 56/63 hp. "...contamination, and thus judgement was rendered."
The orc priest is confused by your recitation.
You finish reciting Abominations 26:70.
The orc priest calls down the wrath of Beogh upon you.
You hear some strange, mumbled words.
Your divine stamina protects you from confusion!
The orc wizard hits itself but does no damage.
The orc warrior is lost in a daze.
The orc warrior is lost in a daze.
Eustachio gestures wildly while chanting.
You open the door.
You are ready to recite again.
Found a scroll labeled WACKER JEOSYNI and a trident.
An ice beast comes into view.
A howler monkey zombie comes into view.
The howler monkey zombie moves out of view.
Found a scroll of identify.
Found a stone staircase leading down.
There is an open door here.
Eustachio gestures wildly while chanting.
Eustachio blinks!
Found a club.
MP restored: 12
Found 20 stones.
The orc warrior is no longer dazed.
You see here a scroll labeled WACKER JEOSYNI.
The adder skeleton bites you but does no damage.
You hit the adder skeleton.
You destroy the adder skeleton!
Zin accepts your kill. The orc warrior misses you.
You hit the orc priest but do no damage.
You hit the orc priest.
You punch the orc priest, but do no damage.
Your bite misses the orc priest. The orc warrior misses you.
The orc priest closely misses you.
You barely miss the orc priest. The orc warrior hits you with a mace!
The orc priest completely misses you.
You take 15 damage, and have 44/63 hp.
MASSIVE DAMAGE!!
You hit the orc priest but do no damage.
You hear some strange, mumbled words.
A puff of flame appears from out of thin air!
The puff of flame hits you!
You take 5 damage, and have 39/63 hp.
You hit the orc priest but do no damage.
The orc priest closely misses you. The orc warrior hits you with a mace.
You hear some strange, mumbled words.
A puff of flame appears from out of thin air!
The puff of flame hits you!
* * * LOW HITPOINT WARNING * * *
You take 11 damage, and have 28/63 hp.
You are too injured to fight recklessly!
You are too injured to fight recklessly!
You are too injured to fight recklessly!
You are too injured to fight recklessly!
You are too injured to fight recklessly!
You are too injured to fight recklessly!
Unknown command.
Unknown command.
You are too injured to fight recklessly!
You are too injured to fight recklessly!
You are too injured to fight recklessly!
You completely miss the orc priest. The orc priest hits you.
* * * LOW HITPOINT WARNING * * *
You take 6 damage, and have 22/63 hp.
You are too injured to fight recklessly!
You hit the orc warrior but do no damage.
The orc warrior hits you with a mace!
* * * LOW HITPOINT WARNING * * *
Eustachio misses you.
You take 16 damage, and have 6/63 hp.
MASSIVE DAMAGE!!
You are too injured to fight recklessly!
You barely miss the orc warrior. The bat hits you but does no damage.
The orc priest looks braver for a moment.
You hear some strange, mumbled words.
Your divine stamina protects you from confusion!
The orc warrior hits you with a mace.
* * * LOW HITPOINT WARNING * * *
You take 1 damage, and have 5/63 hp.
You hit the orc priest but do no damage.
The bat barely misses you. The bat closely misses you.
Eustachio barely misses you.
The orc priest casts a cantrip, but nothing happens.
Something hits you but does no damage.
You hit the orc warrior. The orc warrior hits you with a mace.
* * * LOW HITPOINT WARNING * * *
The bat closely misses you.
The orc priest calls down the wrath of Beogh upon you.
You struggle to resist.
You take 4 damage, and have 1/63 hp.
You hit the orc priest but do no damage.
The bat closely misses you. Something hits you.
You die...

....o........#
.....##.#.#..#
.>...
#.#....### ....
#.#...... ###
#.# #..## ...
#.# ...# ...
######Z##...#
...
#.....oo@...##+
...
#....Y.@...?...
...
#..)..b..#.....
#.. #........#
>... #..
#..............
#..
####..........
+.. #.......###
#.. #..)....#
#.. #...(...#
#.. #.......#
#..


You could see Eustachio, an orc warrior, an ice beast, an orc priest, a howler
monkey zombie and a bat.

Notes
Turn   | Place    | Note
-------+----------+-------------------------------------------
     0 | D:1      | theanonym the Gnoll Assassin began the quest for the Orb.
     0 | D:1      | Reached XP level 1. HP: 20/20 MP: 1/1
   252 | D:1      | Reached XP level 2. HP: 26/26 MP: 2/2
   413 | D:1      | Reached XP level 3. HP: 28/31 MP: 3/3
   865 | D:2      | Noticed a bullfrog
   885 | D:1      | Reached skill level 1 in Invocations
   915 | D:1      | Killed a bullfrog
   915 | D:1      | Reached skill level 1 in Long Blades
   915 | D:1      | Reached skill level 1 in Axes
   915 | D:1      | Reached skill level 1 in Maces & Flails
   915 | D:1      | Reached skill level 1 in Polearms
   915 | D:1      | Reached skill level 1 in Staves
   915 | D:1      | Reached skill level 1 in Slings
   915 | D:1      | Reached skill level 1 in Bows
   915 | D:1      | Reached skill level 1 in Crossbows
   915 | D:1      | Reached skill level 1 in Armour
   915 | D:1      | Reached skill level 1 in Shields
   915 | D:1      | Reached skill level 1 in Unarmed Combat
   915 | D:1      | Reached skill level 1 in Spellcasting
   915 | D:1      | Reached skill level 1 in Conjurations
   915 | D:1      | Reached skill level 1 in Hexes
   915 | D:1      | Reached skill level 1 in Charms
   915 | D:1      | Reached skill level 1 in Summonings
   915 | D:1      | Reached skill level 1 in Necromancy
   915 | D:1      | Reached skill level 1 in Translocations
   915 | D:1      | Reached skill level 1 in Transmutations
   915 | D:1      | Reached skill level 1 in Fire Magic
   915 | D:1      | Reached skill level 1 in Ice Magic
   915 | D:1      | Reached skill level 1 in Air Magic
   915 | D:1      | Reached skill level 1 in Earth Magic
   915 | D:1      | Reached skill level 1 in Poison Magic
   915 | D:1      | Reached skill level 1 in Evocations
   915 | D:1      | Reached XP level 4. HP: 25/38 MP: 5/5
  1032 | D:2      | Reached XP level 5. HP: 38/43 MP: 6/6
  1192 | D:2      | HP: 20/43 [gnoll/halberd (2)]
  1197 | D:2      | HP: 19/43 [kobold (1)]
  1502 | D:2      | Found a stormy altar of Qazlal.
  1504 | D:2      | Found an ancient bone altar of Kikubaaqudgha.
  1504 | D:2      | Found a glowing silver altar of Zin.
  1506 | D:2      | Found a glowing silver altar of Zin.
  1506 | D:2      | Found a blossoming altar of Fedhas.
  1506 | D:2      | Found a shimmering altar of Xom.
  1565 | D:2      | HP: 16/43 [gnoll/club (6)]
  1741 | D:2      | HP: 21/43 [gnoll/halberd (6)]
  1899 | D:1      | HP: 21/43 [gnoll/spear (4)]
  1905 | D:1      | HP: 8/43 [gnoll/halberd (6)]
  2635 | D:1      | Reached skill level 3 in Dodging
  2952 | D:2      | HP: 19/43 [orc wizard/puff of frost (6)]
  2959 | D:2      | HP: 18/43 [orc wizard/dagger (2)]
  2962 | D:2      | Reached skill level 8 in Stealth
  2962 | D:2      | Reached XP level 6. HP: 17/50 MP: 8/8
  3220 | D:3      | Reached skill level 2 in Invocations
  3530 | D:3      | Found a stormy altar of Qazlal.
  3832 | D:3      | Found a burning altar of Makhleb.
  3837 | D:3      | Found a glowing silver altar of Zin.
  3837 | D:3      | Noticed an angel
  3838 | D:3      | Noticed a blizzard demon
  3976 | D:3      | Became a worshipper of Zin the Law-Giver
  3976 | D:3      | Reached * piety under Zin
  4196 | D:3      | Reached skill level 5 in Fighting
  4196 | D:3      | Reached skill level 5 in Short Blades
  4196 | D:3      | Reached skill level 5 in Throwing
  4324 | D:4      | Found an opulent altar of Gozag.
  4374 | D:4      | HP: 23/51 [orc/hand axe (6)]
  4385 | D:4      | Reached skill level 2 in Long Blades
  4385 | D:4      | Reached skill level 2 in Axes
  4385 | D:4      | Reached skill level 2 in Maces & Flails
  4385 | D:4      | Reached skill level 2 in Polearms
  4385 | D:4      | Reached skill level 2 in Staves
  4385 | D:4      | Reached skill level 2 in Slings
  4385 | D:4      | Reached skill level 2 in Bows
  4385 | D:4      | Reached skill level 2 in Crossbows
  4385 | D:4      | Reached skill level 2 in Armour
  4385 | D:4      | Reached skill level 2 in Shields
  4385 | D:4      | Reached skill level 2 in Unarmed Combat
  4385 | D:4      | Reached skill level 2 in Spellcasting
  4385 | D:4      | Reached skill level 2 in Evocations
  4527 | D:4      | Reached ** piety under Zin
  4643 | D:4      | HP: 21/51 [ogre/giant spiked club (28)]
  4864 | D:4      | Reached XP level 7. HP: 34/56 MP: 10/10
  5354 | D:5      | Entered Level 5 of the Dungeon
  5392 | D:5      | Found an ancient bone altar of Kikubaaqudgha.
  5482 | D:5      | Reached skill level 2 in Conjurations
  5482 | D:5      | Reached skill level 2 in Hexes
  5482 | D:5      | Reached skill level 2 in Charms
  5482 | D:5      | Reached skill level 2 in Summonings
  5482 | D:5      | Reached skill level 2 in Necromancy
  5482 | D:5      | Reached skill level 2 in Translocations
  5482 | D:5      | Reached skill level 2 in Transmutations
  5482 | D:5      | Reached skill level 2 in Fire Magic
  5482 | D:5      | Reached skill level 2 in Ice Magic
  5482 | D:5      | Reached skill level 2 in Air Magic
  5482 | D:5      | Reached skill level 2 in Earth Magic
  5482 | D:5      | Reached skill level 2 in Poison Magic
  5615 | D:5      | Found a runed door.
  5742 | D:5      | Found a snail-covered altar of Cheibriados.
  5792 | D:5      | HP: 23/56 [acid (9)]
  6057 | D:5      | Found a white marble altar of Elyvilon.
  6140 | D:5      | Reached skill level 3 in Invocations
  6372 | D:5      | Reached XP level 8. HP: 63/63 MP: 12/12
  6713 | D:5      | Noticed Crazy Yiuf
  6729 | D:5      | HP: 26/63 [Crazy Yiuf/quarterstaff of chaos (7)]
  6735 | D:5      | Killed Crazy Yiuf
  7024 | D:6      | Noticed Pikel
  7049 | D:6      | HP: 25/63 [Pikel/whip of electrocution (14)]
  7059 | D:5      | HP: 19/63 [Pikel/whip of electrocution (8)]
  7064 | D:5      | HP: 14/63 [Pikel/whip of electrocution (6)]
  7067 | D:5      | Zin protects you from harm!
  7403 | D:6      | HP: 28/63 [slave[Pikel] (4)]
  7408 | D:6      | HP: 22/63 [slave[Pikel] (2)]
  7428 | D:5      | HP: 12/63 [slave[Pikel] (6)]
  7437 | D:5      | HP: 1/63 [slave[Pikel] (6)]
  7786 | D:6      | Noticed Eustachio
  7805 | D:5      | Reached skill level 3 in Long Blades
  7805 | D:5      | Reached skill level 3 in Axes
  7805 | D:5      | Reached skill level 3 in Maces & Flails
  7805 | D:5      | Reached skill level 3 in Polearms
  7805 | D:5      | Reached skill level 3 in Staves
  7805 | D:5      | Reached skill level 3 in Slings
  7805 | D:5      | Reached skill level 3 in Bows
  7805 | D:5      | Reached skill level 3 in Crossbows
  7805 | D:5      | Reached skill level 3 in Armour
  7805 | D:5      | Reached skill level 4 in Dodging
  7805 | D:5      | Reached skill level 3 in Shields
  7805 | D:5      | Reached skill level 3 in Unarmed Combat
  7805 | D:5      | Reached skill level 3 in Spellcasting
  7805 | D:5      | Reached skill level 3 in Evocations
  7936 | D:6      | HP: 28/63 [something/puff of flame (6)]
  7938 | D:6      | HP: 6/63 [orc warrior/mace (17)]
  7941 | D:6      | HP: 1/63 [orc warrior/mace (4)]
  7942 | D:6      | Slain by an orc wizard

Vanquished Creatures
  An ogre (D:4)
  A bullfrog (D:1)
  A scorpion (D:4)
  A howler monkey (D:5)
  A centaur zombie (D:5)
  A crimson imp (D:5)
  A bullfrog zombie (D:5)
  2 hounds (D:5)
  2 jellies (D:5)
  5 orc wizards
  Crazy Yiuf (D:5)
  2 centaur skeletons (D:5)
  An iguana (D:5)
  A worker ant (D:5)
  7 gnolls
  5 adders
  An ooze (D:3)
  An adder skeleton (D:6)
  2 worms
  2 dart slugs
  7 leopard geckos
  12 orcs
  2 giant cockroaches
  5 goblins
  11 hobgoblins
  9 jackals
  9 kobolds
  2 quokkas
  2 ball pythons
  3 bats
  5 frilled lizards
  2 quokka skeletons (D:5)
  7 rats
115 creatures vanquished.
